 Dungeon Crawl Stone Soup version 0.28.0-53-g5a82cb258f (webtiles) character file.

Game seed: 9609963533973865419

49 VictoriousLee the Slasher (level 3, 0/29 HPs)
             Began as a Demonspawn Abyssal Knight on Aug 13, 2022.
             Was a Follower of Lugonu.
             Slain by a gnoll
             ... wielding a +0 flail
              (6 damage)
             ... on level 2 of the Dungeon.
             The game lasted 00:05:51 (1659 turns).

VictoriousLee the Slasher (DsAK)                    Turns: 1659, Time: 00:05:51

Health: 0/29       AC:  5    Str: 15    XL:     3   Next: 51%
Magic:  4/4        EV: 10    Int: 11    God:    Lugonu [*.....]
Gold:   112        SH:  0    Dex: 13    Spells: 2/2 levels left

rFire   . . .      SeeInvis .   a - +1 falchion
rCold   . . .      Faith    .   (no shield)
rNeg    . . .      Spirit   .   g - +0 ring mail
rPois   .          Reflect  .   (helmet restricted)
rElec   .          Harm     .   (no cloak)
rCorr   .          Rampage  .   (no gloves)
Will    .....                   (no boots)
Stlth   +.........              (no amulet)
HPRegen 0.09/turn               (no ring)
MPRegen 0.09/turn               (no ring)

@: no status effects
A: horns 1, foul stench 1
a: Renounce Religion, Depart the Abyss


You were on level 2 of the Dungeon.
You worshipped Lugonu.
Lugonu was aware of your devotion.
You visited 1 branch of the dungeon, and saw 2 of its levels.
You visited the Abyss 1 time.

You collected 112 gold pieces.

Inventory:

Hand Weapons
 a - a +1 falchion (weapon)
 j - a +0 vorpal hand axe
Missiles
 e - 2 javelins
Armour
 b - a +0 leather armour
 g - a +0 ring mail (worn)
Scrolls
 c - 2 scrolls of magic mapping {unknown}
 f - a scroll of identify {unknown}
 h - a scroll of fog {unknown}
 k - a scroll of teleportation {unknown}
Potions
 d - a potion of resistance {unknown}
 i - a potion of curing {unknown}


   Skills:
 - Level 3.0 Fighting
 + Level 3.6 Long Blades
 - Level 1.7 Armour
 - Level 0.8 Dodging
 - Level 2.4 Invocations


You had 2 spell levels left.
You didn't know any spells.
Your spell library contained the following spells:

 Spells                   Type           Power      Damage    Failure   Level
 Summon Small Mammal      Summ           0%         N/A       56%         1
 Call Canine Familiar     Summ           0%         N/A       90%         3
 Summon Guardian Golem    Hex/Summ       0%         N/A       90%         3


Dungeon Overview and Level Annotations

Branches:
Dungeon (2/15)

Altars:


Innate Abilities, Weirdness & Mutations

You have a pair of small horns on your head.
You may rarely emit foul miasma when damaged in melee.


Message History

The worm closely misses you.
You hit the worm.
The worm is severely wounded.
The worm closely misses you.
You barely miss the worm. You headbutt the worm.
You kill the worm!
Lugonu accepts your kill.
A gnoll comes into view. It is wielding a +0 flail.
The gnoll shouts!
A gnoll comes into view. It is wielding a +0 halberd.
A gnoll comes into view. It is wielding a +0 spear.
A gnoll comes into view. It is wielding a +0 whip.
You slash the gnoll!
The gnoll is severely wounded.
The gnoll closely misses you.
You hit the gnoll.
You headbutt the gnoll, but do no damage.
The gnoll is severely wounded.
The gnoll hits you with a +0 flail.
You hit the gnoll but do no damage.
The gnoll is severely wounded.
The gnoll hits you with a +0 flail.
You hit the gnoll but do no damage. Your headbutt misses the gnoll.
The gnoll is severely wounded.
The gnoll hits you with a +0 flail.
You closely miss the gnoll.
The gnoll is severely wounded.
The gnoll hits you with a +0 flail. The gnoll hits you with a +0 flail!
You hit the gnoll.
The gnoll is almost dead.
The gnoll barely misses you.
You closely miss the gnoll.
The gnoll is almost dead.
The gnoll hits you with a +0 flail.
* * * LOW HITPOINT WARNING * * *
Okay, then.
You closely miss the gnoll. Your headbutt misses the gnoll.
The gnoll is almost dead.
The gnoll hits you with a +0 flail.
You die...

.......#.†..###............
.............##....#.......
##+#...............#.#.....
#.#..............##.#.....
#####......................##.
#.......>....#.......#........
#..........#########.#........
#..........#####...#..........
#...........g@................
#.........######......###.....
#............................#
#....................###....##
####.....#.................###
#......g#....................
#............................
#...#..........###...........
#...#.....#######...(.####...


You could see a gnoll.

Vanquished Creatures
  An adder (D:2)
  2 worms (D:2)
  4 bats
  6 endoplasms
  A giant cockroach (D:1)
  A goblin (D:2)
  3 hobgoblins
  5 ball pythons
  4 frilled lizards (D:1)
  2 kobolds (D:1)
  4 rats (D:1)
33 creatures vanquished.

Notes
Turn   | Place    | Note
-------+----------+-------------------------------------------
     0 | Abyss:1  | VictoriousLee the Demonspawn Abyssal Knight began the quest
                  | for the Orb.
     0 | Abyss:1  | Reached XP level 1. HP: 18/18 MP: 2/2
    90 | Abyss:2  | Noticed a worldbinder
    91 | D:1      | Escaped the Abyss
   234 | D:1      | Reached * piety under Lugonu
   343 | D:1      | Gained mutation: You may rarely emit foul miasma when
                  | damaged in melee. [demonic ancestry]
   343 | D:1      | Reached XP level 2. HP: 24/24 MP: 3/3
  1032 | D:1      | Found a faded altar of an unknown god.
  1112 | D:2      | Gained mutation: You have a pair of small horns on your
                  | head. [demonic ancestry]
  1112 | D:2      | Reached XP level 3. HP: 15/29 MP: 4/4
  1659 | D:2      | Slain by a gnoll

Illustrated notes

Levels and vault maps discovered:
D:1:      dpeg_arrival_shelter, layout_basic, chequers_ecumenical_altar_lobes
D:2:      layout_basic

Skill      XL: |  1  2 |
---------------+-------+-----
Long Blades    | 2 3 |  3.6
Fighting       | |  3.0
Armour         | |  1.7
Dodging        | |  0.8
Invocations    | |  2.4

Action                   || total
-------------------------++-------
Melee: Falchion          ||   109
       Punch             ||     1
       Headbutt          ||     8
Invok: Depart the Abyss  ||     1
 Stab: Sleeping          ||     2
Armor: Leather armour    ||    14
       Ring mail         ||    14
Dodge: Dodged            ||    68
